 Dungeon Crawl Stone Soup version 0.25.0-26-g0c896c7088 (webtiles) character file.

Game seed: 271106201741466595

21912 MisterFreud the Martial Artist (level 12, -2/96 (97) HPs)
             Began as a Demonspawn Ice Elementalist on July 5, 2020.
             Was an Elder of Wu Jian.
             Slain by an eight-headed hydra (14 damage)
             ... on level 13 of the Dungeon.
             The game lasted 00:33:04 (15570 turns).

MisterFreud the Martial Artist (DsIE)              Turns: 15570, Time: 00:33:05

HP:   -2/96 (97)    AC:  5    Str: 12    XL:     12   Next: 58%
MP:   11/16         EV: 18    Int: 18    God:    Wu Jian [****..]
Gold: 627           SH: 13    Dex: 14    Spells: 13/17 levels left

rFire    . . .     SeeInvis +     - Unarmed
rCold    . . .     Gourm    .   A - +2 buckler
rNeg     . . .     Faith    .   a - +0 robe
rPois    +         Spirit   .   (helmet unavailable)
rElec    .         Reflect  .   q - +2 cloak {rPois}
rCorr    .         Harm     .   (no gloves)
MR       .....                  (no boots)
Stlth    +++.......             (no amulet)
HPRegen  0.26/turn              s - ring of see invisible
MPRegen  0.15/turn              M - +4 ring of slaying

@: very slightly contaminated
A: antennae 3, large bone plates 2, nightstalker 1, spiny 1
a: Wall Jump, Serpent's Lash, Renounce Religion


You were on level 13 of the Dungeon.
You worshipped Wu Jian.
Wu Jian was greatly pleased with you.
You were not hungry.

You visited 2 branches of the dungeon, and saw 14 of its levels.
You also visited: Gauntlet.

You collected 627 gold pieces.

Inventory:

Armour
 a - a +0 robe (worn)
 q - a +2 cloak of poison resistance (worn)
 r - a +0 helmet
 z - a scarf of harm
 A - a +2 buckler (worn)
 P - the cursed +1 leather armour "Muphoen" {Int+4}
   (You found it in a Gauntlet)

   It affects your intelligence (+4).
   It has a curse placed upon it.
 V - a +1 hat of magic resistance
Jewellery
 m - an uncursed ring of protection from fire
 p - a +6 ring of strength
 s - a ring of see invisible (left hand)
 w - an uncursed ring of protection from magic
 M - a +4 ring of slaying (right hand)
 N - a +4 ring of protection {unknown}
 Z - an uncursed amulet of the acrobat
Wands
 k - a wand of digging (10)
 v - a wand of acid (11)
 F - a wand of random effects (25)
 H - a wand of polymorph (15)
 I - a wand of paralysis (26)
 R - a wand of flame (49)
 S - a wand of iceblast (16)
 T - a wand of disintegration (13)
Scrolls
 b - 5 scrolls of identify
 d - 2 scrolls of fear
 e - a scroll of amnesia {unknown}
 f - a scroll of torment {unknown}
 g - 5 scrolls of enchant weapon
 h - 10 scrolls of remove curse
 j - 2 scrolls of blinking {unknown}
 l - 2 scrolls of teleportation
 n - a scroll of enchant armour {unknown}
 t - 2 scrolls of magic mapping
 y - a scroll of immolation {unknown}
 G - 7 scrolls of fog
 J - a scroll of noise
 L - a scroll of acquirement {unknown}
Potions
 i - 5 potions of curing
 o - 2 potions of flight
 u - a potion of cancellation
 x - a potion of brilliance
 B - a potion of degeneration
 C - 2 potions of mutation
 D - a potion of haste
 E - 3 potions of stabbing
 K - 2 potions of might {unknown}
 O - a potion of lignification {unknown}
 U - a potion of heal wounds {unknown}
 W - a potion of berserk rage
 X - a potion of magic {unknown}
Miscellaneous
 Q - a tin of tremorstones (3/3)
Comestibles
 c - 30 rations
 Y - 7 chunks of flesh


   Skills:
 - Level 10.0 Fighting
 + Level 9.9 Dodging
 - Level 1.7 Stealth
 - Level 4.0 Shields
 + Level 12.7 Unarmed Combat
 - Level 3.0 Spellcasting
 - Level 5.0 Ice Magic


You had 13 spell levels left.
You knew the following spells:

 Your Spells              Type           Power        Failure   Level  Hunger
a - Freeze                Ice            ###.         1%          1    None
b - Frozen Ramparts       Ice            ###...       6%          3    ###....

Your spell library contained the following spells:

 Spells                   Type           Power        Failure   Level  Hunger
 Ensorcelled Hibernation  Hex/Ice        ##....       9%          2    ##.....
 Corona                   Hex            #......      16%         1    None
 Magic Dart               Conj           #...         16%         1    None
 Ozocubu's Armour         Chrm/Ice       ##......     17%         3    ###....
 Searing Ray              Conj           #.....       24%         2    ##.....
 Slow                     Hex            #.......     24%         2    ##.....
 Confusing Touch          Hex            #.......     43%         3    ###....
 Dazzling Flash           Conj/Hex       #.....       43%         3    ###....
 Inner Flame              Hex/Fire       #.......     43%         3    ###....
 Summon Guardian Golem    Hex/Summ       #.......     43%         3    ###....
 Tukima's Dance           Hex            #.......     43%         3    ###....
 Hailstorm                Conj/Ice       ##......     50%         4    ####...
 Summon Ice Beast         Ice/Summ       ##......     50%         4    ####...
 Fulminant Prism          Conj/Hex       #.........   85%         4    ####...
 Iskenderun's Mystic Bla  Conj/Tloc      #.......     85%         4    ####...
 Starburst                Conj/Fire      #.........   100%        6    #######


Dungeon Overview and Level Annotations

Branches:
Dungeon (13/15)            Temple (1/1) D:7            Lair (0/6) D:10
    Orc (0/2) D:9          Vaults (0/5) D:13        Gauntlet (visited)

Altars:
Elyvilon
Hepliaklqana
Qazlal
Ru
Trog
Uskayaw
Wu Jian
Zin
The Shining One

Annotations:
D:7 2 runed translucent doors
D:9 3 runed translucent doors, IHuginn's ghost, novice FeBe
D:10 3 runed translucent doors, SamuraiZach's ghost, novice TrBe
D:11 2 runed translucent doors, Krom's ghost, journeyman MiFi


Innate Abilities, Weirdness & Mutations

You have a pair of large antennae on your head. (SInv)
You are mostly covered in large bone plates. (SH +6)
You are slightly more attuned to the shadows.
You are partially covered in sharp spines.


Message History

The wall freezes the eight-headed hydra.
You spin and attack the eight-headed hydra.
You hit the eight-headed hydra.
The eight-headed hydra is heavily wounded.
A hound comes into view.
You spin and attack the eight-headed hydra.
You punch the eight-headed hydra!
The eight-headed hydra is severely wounded.
The frozen ramparts melt away.
The eight-headed hydra is struck by your spines.
The eight-headed hydra misses you.
You block the eight-headed hydra's attack.
The eight-headed hydra bites you but does no damage.
You block the eight-headed hydra's attack.
The eight-headed hydra bites you.
* * * LOW HITPOINT WARNING * * *
The eight-headed hydra bites you.
* * * LOW HITPOINT WARNING * * *
The eight-headed hydra bites you!
You die...

. ..........#.#####.# .
..........#.# #.#
..........#.#####.#######
....##....#....).........
.... #....########.....##
... #......#.....#.......
##.....#.....#.......
#.....hD....#...........
......#@....'...........
......##.....#...........
##....##.....#...........
....##.....#...........
...........#...........
...........#...........
...........#....######.
...........#....######.
############.....(.....


You could see an eight-headed hydra (slow) and a hound.

Vanquished Creatures
  Gastronok (D:11)
  A minotaur (Gauntlet)
  A great orb of eyes (Gauntlet)
  2 two-headed ogres
  An orc knight (D:13)
  A wolf spider zombie (D:13)
  An ugly thing (Gauntlet)
  A cyclops (D:11)
  A manticore (D:11)
  A moth of wrath (Gauntlet)
  A centaur zombie (D:11)
  A kobold demonologist (D:10)
  2 komodo dragons
  A tengu conjurer (D:13)
  3 trolls (D:11)
  A hornet (D:11)
  4 shadows (Gauntlet)
  Sigmund (D:5)
  3 wraiths
  14 yaks
  15 humans (D:13)
  2 wyverns
  A soldier ant (D:11)
  6 sky beasts
  2 orc warriors
  A hornet zombie (D:13)
  3 ice beasts
  A necrophage (D:5)
  3 black bears
  3 phantoms
  3 wolves (Gauntlet)
  6 ogres
  7 centaurs
  18 big kobolds
  8 bullfrogs
  4 scorpions
  A howler monkey (D:6)
  9 wights
  A bullfrog zombie (D:12)
  5 crimson imps
  9 hounds
  4 jellies
  A quasit (D:11)
  6 orc priests
  Crazy Yiuf (D:2)
  3 centaur skeletons
  4 iguanas
  A bullfrog skeleton (D:9)
  7 worker ants
  9 orc wizards
  2 worker ant zombies
  14 adders
  A shadow imp (D:6)
  12 white imps (D:12)
  An ooze (D:2)
  2 worms
  3 dart slugs
  2 leopard geckos
  40 orcs
  8 giant cockroaches
  2 goblins
  13 hobgoblins
  10 jackals
  31 kobolds
  3 quokkas
  A ball python (D:3)
  13 bats
  3 frilled lizards
  A giant cockroach zombie (D:6)
  A quokka skeleton (D:8)
  5 rats
354 creatures vanquished.

Vanquished Creatures (others)
  A worker ant (D:11)
1 creature vanquished.

Grand Total: 355 creatures vanquished

Notes
Turn   | Place    | Note
-------+----------+-------------------------------------------
     0 | D:1      | MisterFreud the Demonspawn Ice Elementalist began the quest
                  | for the Orb.
     0 | D:1      | Reached XP level 1. HP: 13/13 MP: 3/3
   234 | D:1      | Reached skill level 1 in Fighting
   329 | D:1      | Gained mutation: You are partially covered in large bone
                  | plates. (SH +4) [demonic ancestry]
   329 | D:1      | Reached XP level 2. HP: 22/22 MP: 1/5
  1275 | D:2      | Noticed a black bear
  1337 | D:2      | Gained mutation: You are slightly more attuned to the
                  | shadows. [demonic ancestry]
  1337 | D:2      | Reached XP level 3. HP: 23/28 MP: 1/6
  1398 | D:1      | Learned a level 3 spell: Frozen Ramparts
  2087 | D:2      | Gained mutation: You are partially covered in sharp spines.
                  | [demonic ancestry]
  2087 | D:2      | Reached XP level 4. HP: 35/35 MP: 5/7
  2512 | D:2      | Killed a black bear
  2512 | D:2      | Reached XP level 5. HP: 41/41 MP: 4/9
  2717 | D:2      | Found a runed translucent door.
  2718 | D:2      | Noticed Crazy Yiuf
  2726 | D:2      | Killed Crazy Yiuf
  2726 | D:2      | Reached skill level 5 in Ice Magic
  3066 | D:3      | Reached skill level 1 in Unarmed Combat
  3637 | D:4      | Reached skill level 2 in Unarmed Combat
  3637 | D:4      | Gained mutation: You are mostly covered in large bone
                  | plates. (SH +6) [demonic ancestry]
  3637 | D:4      | Reached XP level 6. HP: 22/47 MP: 7/10
  3831 | D:4      | Reached skill level 3 in Unarmed Combat
  4089 | D:4      | Reached skill level 1 in Shields
  4089 | D:4      | Reached XP level 7. HP: 37/52 MP: 5/11
  4448 | D:5      | Entered Level 5 of the Dungeon
  4455 | D:5      | Reached skill level 4 in Unarmed Combat
  4898 | D:5      | Noticed Sigmund
  4917 | D:5      | Killed Sigmund
  4917 | D:5      | Reached skill level 5 in Unarmed Combat
  4981 | D:5      | Gained mutation: You have a pair of small antennae on your
                  | head. [demonic ancestry]
  4981 | D:5      | Reached XP level 8. HP: 57/57 MP: 8/12
  5266 | D:5      | Found a white marble altar of Elyvilon.
  5573 | D:6      | Reached skill level 6 in Unarmed Combat
  6078 | D:6      | Reached skill level 5 in Dodging
  6365 | D:7      | Found a staircase to the Ecumenical Temple.
  6375 | D:7      | Identified the Reference Book on Malediction and the
                  | Volcanoes
  6380 | Temple   | Entered the Ecumenical Temple
  6401 | Temple   | Became a worshipper of the Wu Jian Council
  6432 | D:7      | Reached XP level 9. HP: 57/64 MP: 11/13
  6771 | D:7      | Found a runed translucent door.
  6830 | D:7      | Reached skill level 7 in Unarmed Combat
  6830 | D:7      | Reached skill level 5 in Fighting
  7201 | D:7      | Reached * piety under Wu Jian
  7397 | D:7      | Found a runed translucent door.
  7609 | D:8      | Reached skill level 8 in Unarmed Combat
  7725 | D:8      | Noticed a two-headed ogre
  7741 | D:8      | Killed a two-headed ogre
  7741 | D:8      | Reached skill level 9 in Unarmed Combat
  7741 | D:8      | Reached XP level 10. HP: 60/75 MP: 11/14
  7984 | D:8      | Reached ** piety under Wu Jian
  8495 | D:9      | Found a staircase to the Orcish Mines.
  8619 | D:9      | Reached skill level 10 in Unarmed Combat
  8751 | D:9      | Found a runed translucent gate.
  8751 | D:9      | Found a runed translucent gate.
  9024 | D:9      | Found a runed translucent gate.
  9024 | D:9      | Noticed IHuginn's ghost (novice FeBe)
  9024 | D:9      | Noticed a ten-headed hydra
  9052 | D:10     | Entered Level 10 of the Dungeon
  9262 | D:10     | Found a runed translucent gate.
  9262 | D:10     | Found a runed translucent gate.
  9263 | D:10     | Found a runed translucent gate.
  9266 | D:10     | Noticed a spectral centaur warrior
  9270 | D:10     | Noticed SamuraiZach's ghost (novice TrBe)
  9365 | D:10     | Noticed a smoke demon
  9403 | D:10     | Reached *** piety under Wu Jian
  9538 | D:10     | Found a staircase to the Lair.
 10122 | D:11     | Found a gate leading to a gauntlet.
 10152 | Gauntlet | Entered a Gauntlet
 10152 | Gauntlet | Found a transporter.
 10157 | Gauntlet | Found a transporter.
 10158 | Gauntlet | Found a transporter.
 10159 | Gauntlet | Noticed a moth of wrath
 10183 | Gauntlet | Killed a moth of wrath
 10183 | Gauntlet | Gained mutation: You have a pair of antennae on your head.
                  | [demonic ancestry]
 10183 | Gauntlet | Reached XP level 11. HP: 81/84 MP: 11/15
 10223 | Gauntlet | Found a transporter.
 10223 | Gauntlet | Found a transporter.
 10242 | Gauntlet | Noticed a cyan ugly thing
 10247 | Gauntlet | Noticed a great orb of eyes
 10302 | Gauntlet | Found a transporter.
 10308 | Gauntlet | Paralysed by a great orb of eyes for 4 turns
 10322 | Gauntlet | HP: 1/85 [cyan ugly thing (13)]
 10326 | Gauntlet | Killed a cyan ugly thing
 10326 | Gauntlet | Reached skill level 11 in Unarmed Combat
 10331 | Gauntlet | Killed a great orb of eyes
 10705 | Gauntlet | Noticed a minotaur
 10715 | Gauntlet | Killed a minotaur
 10943 | Gauntlet | Got a slimy leather armour
 10944 | Gauntlet | Identified the cursed +1 leather armour "Muphoen" {Int+4}
                  | (You found it in a Gauntlet)
 11761 | D:11     | Noticed Gastronok
 11785 | D:11     | Killed Gastronok
 12504 | D:11     | Reached **** piety under Wu Jian
 12656 | D:11     | Found a large runed translucent door.
 12657 | D:11     | Found a large runed translucent door.
 12659 | D:11     | Noticed Krom's ghost (journeyman MiFi)
 12774 | D:11     | Gained mutation: You have a pair of large antennae on your
                  | head. (SInv) [demonic ancestry]
 12774 | D:11     | Reached XP level 12. HP: 95/95 MP: 16/16
 13371 | D:12     | Reached skill level 12 in Unarmed Combat
 14201 | D:13     | Found a gate to the Vaults.
 14201 | D:13     | Noticed a two-headed ogre
 14201 | D:13     | Noticed a centaur warrior
 14590 | D:13     | Reached skill level 10 in Fighting
 14679 | D:13     | Killed a two-headed ogre
 15382 | D:13     | Identified the +7 hand axe "Xyg Boun" {vorpal, *Noise rF+
                  | MR+}
 15552 | D:13     | Noticed an eight-headed hydra
 15570 | D:13     | Slain by an eight-headed hydra

Illustrated notes

Levels and vault maps discovered:
D:1:      ncdulo_halloftheorcs, layout_loops_corners, corexii_corridor_pit
D:2:      layout_basic, minmay_misc_feat_five, minivault_4,
          uniq_crazy_yiuf_cottage
D:3:      layout_basic, serial_bayou_crossing
D:4:      layout_rooms
D:5:      layout_cave_pools, elyvilon_altar_3, first_ration, uniq_sigmund
D:6:      layout_rooms, minmay_circle_x
D:7:      lemuel_insect_pit, layout_basic, minmay_temple_entry_offerings,
          grunt_ministairs_7
D:8:      layout_rooms
D:9:      layout_irregular_city, orc_0_dummy, serial_glass, glass_columns_a,
          glass_columns_b, item_on_display_b, gammafunk_ghost_hydra_chop,
          grunt_pizzeria
D:10:     layout_loops_cross, lair_entry_dummy, special_room
          [special_room_kobold], gammafunk_ghost_necromancy, minmay_door_square,
          minivault_11
D:11:     layout_layer_cave, gauntlet_entry_generic,
          ebering_ghost_disaster_area, uniq_gastronok
D:12:     layout_basic, portal_ice_cave_entry_imps, minmay_misc_feat_tiny
D:13:     layout_stronghold, david_vaults_3
Temple:   compressed_dpeg_circular_temple

Skill      XL: |  1  2  3  4  5  6  7  8  9 10 11 12 |
---------------+-------------------------------------+-----
Fighting       | 1 2 3 4 6 7 9 10 | 10.0
Ice Magic      | 4 5 |  5.0
Spellcasting   | 3 |  3.0
Unarmed Combat | 2 3 5 6 9 10 11 12 | 12.7
Shields        | 1 3 4 |  4.0
Dodging        | 5 6 8 9 |  9.9
Stealth        | |  1.7

Action                   |  1- 3 |  4- 6 |  7- 9 | 10-12 || total
-------------------------+-------+-------+-------+-------++-------
Melee: Club              |    11 |    21 |       |       ||    32
       Unarmed           |       |    10 |   206 |   573 ||   789
       Punch             |       |     2 |       |       ||     2
 Cast: Freeze            |    45 |    17 |     7 |       ||    69
       Frozen Ramparts   |     3 |    17 |    37 |    39 ||    96
Invok: Lunge             |       |       |     9 |    36 ||    45
       Whirlwind         |       |       |     1 |    76 ||    77
       Serpent's Lash    |       |       |       |     3 ||     3
Evoke: Wand              |       |       |     1 |     6 ||     7
  Use: Scroll            |       |       |     7 |     8 ||    15
       Potion            |       |       |       |     2 ||     2
 Stab: Sleeping          |       |       |     5 |    10 ||    15
       Distracted        |       |       |       |     1 ||     1
  Eat: Chunk             |     5 |     7 |    16 |    22 ||    50
       Ration            |       |       |       |     2 ||     2
Armor: Robe              |     8 |    14 |    22 |    38 ||    82
Dodge: Dodged            |    45 |    21 |    59 |   192 ||   317
Block: Other             |     7 |    12 |       |       ||    19
       Buckler           |       |     1 |   119 |   266 ||   386
